| TOP OF THE 1ST |
|
San Francisco Giants batting - Pitching for Texas Rangers : RHP Gavin Nelson
|
|
Pitching: RHP Gavin Nelson
|
|
|
Batting: RHB Nick Rigden
|
0-0: Swinging Strike 0-1: Ball 1-1: Swinging Strike 1-2: Strikes out swinging
|
|
Batting: RHB Bill Defazio
|
0-0: Ball 1-0: Foul Ball, location: 2F 1-1: Called Strike 1-2: Strikes out swinging
|
|
Batting: RHB Sean Zielinski
|
0-0: Ball 1-0: Ball 2-0: Called Strike 2-1: Ball 3-1: Called Strike 3-2: Ground out 5-3 (Groundball, 5, EV 99.4 MPH)
|
| Top of the 1st over - 0 runs, 0 hits, 0 errors, 0 left on base; San Francisco 0 - Texas 0 |
| BOTTOM OF THE 1ST |
|
Texas Rangers batting - Pitching for San Francisco Giants : LHP Chong-yeol Wong
|
|
Pitching: LHP Chong-yeol Wong
|
|
|
Batting: RHB Butch Kaiser
|
0-0: Ball 1-0: Foul Ball, location: 2F 1-1: Called Strike 1-2: Foul Ball, location: 2F 1-2: Foul Ball, location: 2F 1-2: Foul Ball, location: 2F 1-2: Ball 2-2: Foul Ball, location: 2F 2-2: Ball 3-2: Strikes out swinging
|
|
Batting: RHB Blake Ballard
|
0-0: Called Strike 0-1: Swinging Strike 0-2: Ball 1-2: Ball 2-2: Strikes out looking
|
|
Batting: SHB John Giesbrecht
|
0-0: Called Strike 0-1: Fly out, F9 (Flyball, 9LS, EV 96.2 MPH)
|
| Bottom of the 1st over - 0 runs, 0 hits, 0 errors, 0 left on base; San Francisco 0 - Texas 0 |
| TOP OF THE 2ND |
|
San Francisco Giants batting - Pitching for Texas Rangers : RHP Gavin Nelson
|
|
Batting: LHB Carey Horncole
|
0-0: Ball 1-0: Called Strike 1-1: Ball 2-1: Swinging Strike 2-2: Ground out U3 (Groundball, 3, EV 85.6 MPH)
|
|
Batting: LHB Tom Best
|
0-0: Ball 1-0: Ball 2-0: Ball 3-0: Called Strike 3-1: Base on Balls
|
|
Batting: RHB Nate Hodson
|
0-0: Foul Ball, location: 2F 0-1: Ball 1-1: Swinging Strike 1-2: Foul Ball, location: 2F 1-2: Ball 2-2: Strikes out swinging
|
|
Batting: LHB John Blair
|
0-0: Ball 1-0: SINGLE (Groundball, 34D, EV 106.9 MPH) (infield hit) Tom Best to second
|
|
Batting: RHB John Creel
|
0-0: Foul Ball, location: 2F 0-1: Ball 1-1: Swinging Strike 1-2: Foul Ball, location: 2F 1-2: Ball 2-2: Foul Ball, location: 2F 2-2: Ball 3-2: Base on Balls Tom Best to third John Blair to second
|
|
Batting: LHB Ryan Braden
|
0-0: Foul Ball, location: 2F 0-1: Foul Ball, location: 2F 0-2: Ball 1-2: Foul Ball, location: 2F 1-2: Ball 2-2: Foul Ball, location: 2F 2-2: Ground out 6-3 (Groundball, 6M, EV 80.0 MPH)
|
| Top of the 2nd over - 0 runs, 1 hit, 0 errors, 3 left on base; San Francisco 0 - Texas 0 |
| BOTTOM OF THE 2ND |
|
Texas Rangers batting - Pitching for San Francisco Giants : LHP Chong-yeol Wong
|
|
Batting: SHB Vince Ealy
|
0-0: Called Strike 0-1: SINGLE (Groundball, 56S, EV 68.8 MPH) (infield hit)
|
|
Batting: RHB Reilly Hawkins
|
0-0: SINGLE (Line Drive, 4D, EV 100.0 MPH) Vince Ealy to second Runner from 2nd tries for 3rd, OUT! 9-5
|
|
Batting: RHB Chad Thompson
|
0-0: Swinging Strike 0-1: Ball 1-1: Ball 2-1: Ball 3-1: Foul Ball, location: 2F 3-2: Strikes out looking Reilly Hawkins is caught stealing 2nd base 2-4 Batter strikes out.
|
| Bottom of the 2nd over - 0 runs, 2 hits, 0 errors, 0 left on base; San Francisco 0 - Texas 0 |
| TOP OF THE 3RD |
|
San Francisco Giants batting - Pitching for Texas Rangers : RHP Gavin Nelson
|
|
Batting: RHB Nick Rigden
|
0-0: Ground out 6-3 (Groundball, 6MS, EV 94.4 MPH)
|
|
Batting: RHB Bill Defazio
|
0-0: Ball 1-0: Foul Ball, location: 2F 1-1: Ball 2-1: Swinging Strike 2-2: Strikes out swinging
|
|
Batting: RHB Sean Zielinski
|
0-0: Called Strike 0-1: Swinging Strike 0-2: Ball 1-2: Foul Ball, location: 2F 1-2: Ball 2-2: Strikes out looking
|
| Top of the 3rd over - 0 runs, 0 hits, 0 errors, 0 left on base; San Francisco 0 - Texas 0 |
| BOTTOM OF THE 3RD |
|
Texas Rangers batting - Pitching for San Francisco Giants : LHP Chong-yeol Wong
|
|
Batting: RHB Ray Llewellyn
|
0-0: Ball 1-0: Foul Ball, location: 2F 1-1: Foul Ball, location: 2F 1-2: Strikes out swinging
|
|
Batting: LHB Andy Bowman
|
0-0: Called Strike 0-1: Ball 1-1: Ground out 6-3 (Groundball, 6, EV 102.5 MPH)
|
|
Batting: RHB Zhao-ji Chi
|
0-0: Foul Ball, location: 2F 0-1: Ball 1-1: Ground out 6-3 (Groundball, 56, EV 108.1 MPH)
|
| Bottom of the 3rd over - 0 runs, 0 hits, 0 errors, 0 left on base; San Francisco 0 - Texas 0 |
| TOP OF THE 4TH |
|
San Francisco Giants batting - Pitching for Texas Rangers : RHP Gavin Nelson
|
|
Batting: LHB Carey Horncole
|
0-0: Ball 1-0: Called Strike 1-1: Swinging Strike 1-2: Strikes out swinging
|
|
Batting: LHB Tom Best
|
0-0: Ball 1-0: Ball 2-0: Ball 3-0: Base on Balls
|
|
Batting: RHB Nate Hodson
|
0-0: Swinging Strike 0-1: Foul Ball, location: 2F 0-2: Ball 1-2: Strikes out swinging
|
|
Batting: LHB John Blair
|
0-0: Ball 1-0: Ball 2-0: Ball 3-0: Called Strike 3-1: SINGLE (Groundball, 34D, EV 99.4 MPH) Tom Best to second Runner from 2nd tries for 3rd, OUT! 9-5
|
| Top of the 4th over - 0 runs, 1 hit, 0 errors, 1 left on base; San Francisco 0 - Texas 0 |
| BOTTOM OF THE 4TH |
|
Texas Rangers batting - Pitching for San Francisco Giants : LHP Chong-yeol Wong
|
|
Batting: RHB Butch Kaiser
|
0-0: Ground out 4-3 (Groundball, 4M, EV 101.9 MPH)
|
|
Batting: RHB Blake Ballard
|
0-0: Ball 1-0: Swinging Strike 1-1: Ball 2-1: Foul Ball, location: 2F 2-2: SINGLE (Groundball, 13S, EV 67.5 MPH) (infield hit)
|
|
Batting: SHB John Giesbrecht
|
0-0: Ball 1-0: Foul Ball, location: 2F 1-1: Called Strike 1-2: Strikes out swinging
|
|
Batting: SHB Vince Ealy
|
0-0: Ball 1-0: TRIPLE (Flyball, 9LD, EV 109.4 MPH) Blake Ballard scores
|
|
Batting: RHB Reilly Hawkins
|
0-0: Called Strike 0-1: Ball 1-1: Ball 2-1: Ground out U3 (Groundball, 3, EV 90.6 MPH)
|
| Bottom of the 4th over - 1 run, 2 hits, 0 errors, 1 left on base; San Francisco 0 - Texas 1 |
| TOP OF THE 5TH |
|
San Francisco Giants batting - Pitching for Texas Rangers : RHP Gavin Nelson
|
|
Batting: RHB John Creel
|
0-0: Foul Ball, location: 2F 0-1: Ball 1-1: Ball 2-1: Ball 3-1: Base on Balls
|
|
Batting: LHB Ryan Braden
|
0-0: Ball 1-0: Fly out, F9 (Flyball, 89M, EV 91.2 MPH)
|
|
Batting: RHB Nick Rigden
|
0-0: Called Strike 0-1: Fly out, F7 (Flyball, 78S, EV 90.0 MPH)
|
|
Batting: RHB Bill Defazio
|
0-0: Ball Wild Pitch! John Creel to second 1-0: Ball 2-0: Foul Ball, location: 2F 2-1: Ball 3-1: Ground out 4-3 (Groundball, 4M, EV 80.0 MPH)
|
| Top of the 5th over - 0 runs, 0 hits, 0 errors, 1 left on base; San Francisco 0 - Texas 1 |
| BOTTOM OF THE 5TH |
|
Texas Rangers batting - Pitching for San Francisco Giants : LHP Chong-yeol Wong
|
|
Batting: RHB Chad Thompson
|
0-0: Ball 1-0: Swinging Strike 1-1: Ground out U3 (Groundball, 34S, EV 85.6 MPH)
|
|
Batting: RHB Ray Llewellyn
|
0-0: Ball 1-0: Ball 2-0: Foul Ball, location: 2F 2-1: Ball 3-1: Called Strike 3-2: Foul Ball, location: 2F 3-2: Strikes out swinging
|
|
Batting: LHB Andy Bowman
|
0-0: Foul Ball, location: 2F 0-1: SINGLE (Groundball, 3S, EV 68.8 MPH) (infield hit)
|
|
Batting: RHB Zhao-ji Chi
|
0-0: Called Strike Andy Bowman is caught stealing 2nd base 2-4
|
| Bottom of the 5th over - 0 runs, 1 hit, 0 errors, 0 left on base; San Francisco 0 - Texas 1 |
| TOP OF THE 6TH |
|
San Francisco Giants batting - Pitching for Texas Rangers : RHP Gavin Nelson
|
|
Batting: RHB Sean Zielinski
|
0-0: Swinging Strike 0-1: Foul Ball, location: 2F 0-2: Strikes out looking
|
|
Batting: LHB Carey Horncole
|
0-0: Ball 1-0: Ground out 4-3 (Groundball, 13, EV 81.2 MPH)
|
|
Batting: LHB Tom Best
|
0-0: SOLO HOME RUN (Line Drive, 89XD, EV 101.9 MPH), Distance : 422 ft
|
|
Batting: RHB Nate Hodson
|
0-0: Ball 1-0: Called Strike 1-1: Ball 2-1: Ball 3-1: Base on Balls
|
|
Batting: LHB John Blair
|
0-0: Ball 1-0: Ball 2-0: Called Strike 2-1: Ball 3-1: Base on Balls Nate Hodson to second
|
|
Pitching: RHP Andrew Coker
|
|
|
Batting: RHB John Creel
|
0-0: Ball 1-0: SINGLE (Groundball, 4D, EV 101.9 MPH) Nate Hodson to third John Blair to second Runner from 3rd tries for Home, SAFE, throw by CF to home
|
|
Batting: LHB Ryan Braden
|
0-0: Called Strike 0-1: Fielders Choice at 2nd, 6-4 (Groundball, 6, EV 81.9 MPH)
|
| Top of the 6th over - 2 runs, 2 hits, 0 errors, 2 left on base; San Francisco 2 - Texas 1 |
| BOTTOM OF THE 6TH |
|
Texas Rangers batting - Pitching for San Francisco Giants : LHP Chong-yeol Wong
|
|
Batting: RHB Zhao-ji Chi
|
0-0: Ball 1-0: Swinging Strike 1-1: Ground out U3 (Groundball, 3, EV 82.5 MPH)
|
|
Batting: RHB Butch Kaiser
|
0-0: Foul Ball, location: 2F 0-1: Ball 1-1: Ground out 6-3 (Groundball, 6, EV 89.4 MPH)
|
|
Batting: RHB Blake Ballard
|
0-0: Ball 1-0: Ball 2-0: Foul Ball, location: 2F 2-1: Foul Ball, location: 2F 2-2: Foul Ball, location: 2F 2-2: SINGLE (Groundball, 34D, EV 100.6 MPH)
|
|
Batting: SHB John Giesbrecht
|
0-0: Called Strike 0-1: Ball 1-1: Ball 2-1: Foul Ball, location: 2F 2-2: Ball 3-2: SINGLE (Line Drive, 4MD, EV 103.1 MPH) Blake Ballard to second Blake Ballard to third
|
|
Batting: SHB Vince Ealy
|
0-0: Foul Ball, location: 2F 0-1: Called Strike 0-2: Ball 1-2: Fly out, F4 (Popup, 4, EV 69.4 MPH)
|
| Bottom of the 6th over - 0 runs, 2 hits, 0 errors, 2 left on base; San Francisco 2 - Texas 1 |
| TOP OF THE 7TH |
|
San Francisco Giants batting - Pitching for Texas Rangers : RHP Andrew Coker
|
|
Pitching: RHP Kyle Curve
|
|
|
Batting: RHB Nick Rigden
|
0-0: Called Strike 0-1: Ball 1-1: Ball 2-1: Called Strike 2-2: Strikes out swinging
|
|
Batting: RHB Bill Defazio
|
0-0: Called Strike 0-1: Ball 1-1: Foul Ball, location: 2F 1-2: Strikes out looking
|
|
Batting: RHB Sean Zielinski
|
0-0: Ball 1-0: Ball 2-0: Swinging Strike 2-1: Fly out, F8 (Flyball, 8LM, EV 80.0 MPH)
|
| Top of the 7th over - 0 runs, 0 hits, 0 errors, 0 left on base; San Francisco 2 - Texas 1 |
| BOTTOM OF THE 7TH |
|
Texas Rangers batting - Pitching for San Francisco Giants : LHP Chong-yeol Wong
|
|
Pitching: RHP Lorenzo de Jesus
|
|
|
Batting: RHB Reilly Hawkins
|
0-0: Foul Ball, location: 2F 0-1: Foul Ball, location: 2F 0-2: Foul Ball, location: 2F 0-2: Ball 1-2: Ball 2-2: Strikes out looking
|
|
Batting: RHB Chad Thompson
|
0-0: Called Strike 0-1: Called Strike 0-2: DOUBLE (Flyball, 89D, EV 106.9 MPH)
|
|
Batting: RHB Ray Llewellyn
|
0-0: Foul Ball, location: 2F 0-1: Foul Ball, location: 2F 0-2: Ball 1-2: Strikes out looking
|
|
Batting: LHB Andy Bowman
|
0-0: Foul Ball, location: 2F 0-1: Ball 1-1: Called Strike 1-2: SINGLE (Groundball, 56D, EV 105.0 MPH) Chad Thompson to third Runner from 3rd tries for Home, SAFE, throw by LF to home
|
|
Batting: RHB Zhao-ji Chi
|
0-0: Ball 1-0: Foul Ball, location: 2F 1-1: Ball Andy Bowman steals 2nd base 2-1: 2-RUN HOME RUN (Flyball, 78XD, EV 115.6 MPH), Distance : 450 ft
|
|
Pitching: LHP Chris Moris
|
|
|
Batting: RHB Butch Kaiser
|
0-0: Called Strike 0-1: Called Strike 0-2: Strikes out swinging
|
| Bottom of the 7th over - 3 runs, 3 hits, 0 errors, 0 left on base; San Francisco 2 - Texas 4 |
| TOP OF THE 8TH |
|
San Francisco Giants batting - Pitching for Texas Rangers : RHP Kyle Curve
|
|
Pitching: RHP Mike Webb
|
|
|
Now at 1B: Sean Geisler
|
|
|
Batting: LHB Carey Horncole
|
0-0: Ball 1-0: Called Strike 1-1: Foul Ball, location: 2F 1-2: Ball 2-2: Fly out, F9 (Line Drive, 9, EV 84.4 MPH)
|
|
Batting: LHB Tom Best
|
0-0: Ball 1-0: Called Strike 1-1: Ground out 6-3 (Groundball, 6M, EV 90.0 MPH)
|
|
Batting: LHB Jack Henningar
|
0-0: Foul Ball, location: 2F 0-1: Foul Ball, location: 2F 0-2: Ball 1-2: Foul Ball, location: 2F 1-2: Foul Ball, location: 2F 1-2: SOLO HOME RUN (Flyball, 89XD, EV 103.1 MPH), Distance : 404 ft
|
|
Batting: LHB John Blair
|
0-0: Ground out 6-3 (Groundball, 6, EV 83.8 MPH)
|
| Top of the 8th over - 1 run, 1 hit, 0 errors, 0 left on base; San Francisco 3 - Texas 4 |
| BOTTOM OF THE 8TH |
|
Texas Rangers batting - Pitching for San Francisco Giants : LHP Chris Moris
|
|
Batting: RHB Blake Ballard
|
0-0: Ball 1-0: Called Strike 1-1: Ball 2-1: Foul Ball, location: 2F 2-2: Ball 3-2: Strikes out looking
|
|
Batting: SHB John Giesbrecht
|
0-0: Called Strike 0-1: Fly out, F8 (Flyball, 8LM, EV 97.5 MPH)
|
|
Batting: SHB Vince Ealy
|
0-0: Fly out, F8 (Flyball, 8RXD, EV 91.9 MPH)
|
| Bottom of the 8th over - 0 runs, 0 hits, 0 errors, 0 left on base; San Francisco 3 - Texas 4 |
| TOP OF THE 9TH |
|
San Francisco Giants batting - Pitching for Texas Rangers : RHP Mike Webb
|
|
Pitching: RHP Brad Kramer
|
|
|
Batting: RHB John Creel
|
0-0: Swinging Strike 0-1: Ground out 4-3 (Groundball, 34D, EV 96.9 MPH)
|
|
Batting: LHB Ryan Braden
|
0-0: Ball 1-0: Ball 2-0: Foul Ball, location: 2F 2-1: SINGLE (Groundball, 34S, EV 66.9 MPH) (infield hit)
|
|
Pinch Hitting: SHB Ryan Doss
|
0-0: Ball 1-0: Ball 2-0: Called Strike 2-1: Fly out, F8 (Flyball, 8RS, EV 88.1 MPH)
|
|
Batting: RHB Bill Defazio
|
0-0: Ball 1-0: Called Strike 1-1: DOUBLE (Flyball, 8RXD, EV 106.9 MPH) Ryan Braden to third Runner from 3rd tries for Home, SAFE, throw by CF to trailing runner, SAFE at third!
|
|
Batting: RHB Sean Zielinski
|
0-0: Ball 1-0: Called Strike 1-1: Ball 2-1: Foul Ball, location: 2F 2-2: Strikes out swinging
|
| Top of the 9th over - 1 run, 2 hits, 0 errors, 1 left on base; San Francisco 4 - Texas 4 |
| BOTTOM OF THE 9TH |
|
Texas Rangers batting - Pitching for San Francisco Giants : LHP Chris Moris
|
|
Pitching: LHP Caleb Mullinax
|
|
|
Now at 1B: Ryan Doss
|
|
|
Batting: RHB Reilly Hawkins
|
0-0: Ball 1-0: Swinging Strike 1-1: Called Strike 1-2: Strikes out swinging
|
|
Batting: RHB Chad Thompson
|
0-0: Called Strike 0-1: Foul Ball, location: 2F 0-2: Fly out, F9 (Flyball, 9D, EV 98.1 MPH)
|
|
Batting: RHB Ray Llewellyn
|
0-0: Swinging Strike 0-1: Called Strike 0-2: Ball 1-2: Single, Error in OF, E7, batter to second base (Groundball, 56D, EV 106.9 MPH)
|
|
Batting: LHB Andy Bowman
|
0-0: SINGLE (Line Drive, 7LS, EV 86.2 MPH) Ray Llewellyn to third Runner from 3rd tries for Home, SAFE, throw by LF to home
|
| Bottom of the 9th over - 1 run, 2 hits, 1 error, 1 left on base; San Francisco 4 - Texas 5 |
|